AoeStats
← Kort o gott, Leif

Pilgrims

509687552Analyzed
4v4 RM · 6d ago on Sep 27, 2026· 62m 9s· 8 players
Game mode
Random Map
Map size
Large (8 player)
Population
200
Speed
Normal
Resources
Standard
Victory
Conquest
Starting age
Dark Age
Ending age
Imperial Age
RankedLock teamsTeams togetherTeam positionsShared explorationLock speedFull tech treeHidden civsTurbo modeCheats
Victory
Defeat
🇸🇪 Vikings · Sweden
1035
+14
🇸🇪 Armenians · Sweden
1024
+14
🇸🇪 Japanese · Sweden
1012
+15
🇸🇪 Cumans · Sweden
986
+16
1037
-17
🇵🇪 Sicilians · Peru
1020
-16
🇸🇪 Armenians · Sweden
1002
-15
🇨🇦 Varangians · Canada
895
-11
Noob_BoT
4:25 Loom
10:29 Feudal Age
21:00 Castle Age
27:46 Town Watch
30:41 Double-Bit Axe
33:34 Wheelbarrow
36:01 Hand Cart
37:57 Squires
45:09 Gold Mining
45:09 Stone Mining
48:55 Imperial Age
46:28 Town Patrol
46:43 Scale Mail Armor
47:43 Gambesons
47:44 Arson
48:18 Chain Mail Armor
48:28 Ballistics
49:59 Conscription
53:38 Elite Varangian Guard
55:11 Plate Mail Armor
54:57 Elite Skirmisher
56:43 Stone Shaft Mining
Re-Spektor lover
9:28 Loom
13:38 Feudal Age
14:34 Town Watch
17:50 Fishing Lines
23:38 Castle Age
23:00 Padded Archer Armor
22:52 Fletching
28:08 Bodkin Arrow
28:59 Wheelbarrow
29:12 Horse Collar
29:32 Stone Mining
29:37 Gold Mining
29:37 Double-Bit Axe
31:43 Hand Cart
31:33 Horse Collar
34:21 Bow Saw
34:19 Heavy Plow
36:30 Ballistics
36:21 Masonry
40:22 Imperial Age
38:31 Padded Archer Armor
40:07 Town Patrol
41:46 Gold Shaft Mining
42:22 Bracer
42:51 Scale Mail Armor
43:04 Forging
42:21 Man-at-Arms
42:46 Gambesons
43:02 Squires
42:48 Arson
43:27 Bracer
43:43 Leather Archer Armor
43:52 Conscription
42:53 Elite Composite Bowman
44:42 Hoardings
56:50 Chemistry
56:49 Long Swordsman
59:06 Two-Handed Swordsman
jochizan
8:04 Loom
10:33 Feudal Age
11:33 Double-Bit Axe
31:18 Castle Age
32:12 Forging
33:22 Scale Mail Armor
34:45 Fletching
49:59 Wheelbarrow
54:03 Chain Mail Armor
56:37 Elite Skirmisher
60:36 Imperial Age
59:30 Padded Archer Armor
61:04 Bodkin Arrow
𝕬𝟏𝖀𝟒𝕯𝟖𝖀𝟖
9:57 Loom
14:21 Feudal Age
15:50 Wheelbarrow
15:00 Town Watch
15:03 Double-Bit Axe
15:35 Fishing Lines
21:14 Castle Age
19:03 Horse Collar
19:56 Stone Mining
27:43 Imperial Age
26:08 Hand Cart
26:10 Gold Mining
26:50 Bow Saw
29:56 Gold Shaft Mining
30:03 Heavy Plow
33:36 Forging
33:27 Scale Mail Armor
37:14 Ballistics
43:14 Two-Man Saw
44:36 Chemistry
43:17 Treadmill Crane
44:04 Conscription
46:17 Shield Wall
47:55 Town Patrol
47:19 Clerical Recruitment
49:42 Crop Rotation
48:43 Elite Varangian Guard
49:08 Arson
49:24 Squires
49:09 Gambesons
54:06 Chain Mail Armor
54:27 Iron Casting
55:27 Iron Casting
56:40 Hoardings
55:29 Pikeman
57:00 Plate Mail Armor
56:07 Elite Hearth Troop
Kort o gott, Leif
9:43 Loom
12:06 Feudal Age
20:15 Castle Age
19:10 Fishing Lines
20:23 Forging
20:10 Fishing Lines
21:46 Double-Bit Axe
23:54 Fletching
23:28 Crossbowman
28:19 Pikeman
30:24 Squires
34:54 Scale Mail Armor
36:21 Gillnets
40:54 Imperial Age
40:04 Bodkin Arrow
41:47 Light Cavalry
42:56 Conscription
45:42 Elite Skirmisher
49:28 Iron Casting
48:58 Bracer
48:58 Padded Archer Armor
51:27 Bow Saw
51:46 Scale Barding Armor
57:59 Chemistry
58:04 Chain Barding Armor
59:39 Iron Casting
bromskloss
4:05 Loom
16:41 Feudal Age
18:12 Wheelbarrow
17:33 Gold Mining
18:14 Double-Bit Axe
22:31 Castle Age
21:01 Man-at-Arms
21:26 Horse Collar
23:24 Bloodlines
24:52 Hand Cart
24:23 Town Watch
24:02 Crossbowman
24:04 Long Swordsman
24:04 Pikeman
24:30 Arson
24:46 Squires
33:33 Scale Barding Armor
33:20 Fletching
34:04 Bow Saw
35:33 Forging
35:44 Chain Barding Armor
35:19 Bodkin Arrow
40:50 Imperial Age
39:25 Ballistics
39:01 Murder Holes
40:30 Padded Archer Armor
40:31 Scale Mail Armor
41:06 Iron Casting
40:34 Heavy Plow
41:01 Steppe Husbandry
43:11 Parthian Tactics
42:28 Elite Kipchak
44:27 Elite Steppe Lancer
47:13 Thumb Ring
47:05 Heavy Cavalry Archer
59:38 Caravan
Rush Baby
3:24 Loom
11:51 Feudal Age
13:40 Man-at-Arms
16:47 Castle Age
16:09 Scale Mail Armor
17:12 Long Swordsman
20:19 Gambesons
20:45 Fletching
34:52 Horse Collar
35:33 Double-Bit Axe
40:40 Wheelbarrow
40:58 Town Watch
43:09 Bodkin Arrow
45:19 Crossbowman
47:38 Ballistics
48:55 Thumb Ring
51:14 Padded Archer Armor
53:51 Imperial Age
51:52 Forging
51:09 Elite Skirmisher
53:20 Leather Archer Armor
54:36 Bracer
55:38 Chemistry
54:43 Arbalester
58:40 Ring Archer Armor
59:58 Iron Casting
59:38 Chain Mail Armor
Nick3N^
9:35 Feudal Age
7:51 Loom
10:58 Double-Bit Axe
11:18 Man-at-Arms
18:25 Gold Mining
18:24 Horse Collar
26:00 Castle Age
23:30 Long Swordsman
24:22 Forging
24:12 Scale Mail Armor
26:49 Arson
27:06 Squires
26:51 Gambesons
26:29 Two-Handed Swordsman
37:08 Chain Mail Armor
39:07 Iron Casting
39:25 Champion
43:56 Wheelbarrow
43:39 Bow Saw
43:21 Stone Mining
44:06 Gold Shaft Mining
44:09 Elite Skirmisher
45:00 Padded Archer Armor
44:50 Fletching
45:18 Heavy Plow
46:48 Ballistics
46:50 Leather Archer Armor
46:30 Bodkin Arrow
53:49 Imperial Age
55:24 Plate Mail Armor
55:55 Blast Furnace
54:56 Bracer
55:26 Ring Archer Armor
Connection lost

Rejoining the realm…

Still unreachable

The connection could not be restored.

Session expired

The server has moved on; the page needs a fresh start.